Map: Taito Citadel LE

Players

mzygmunt - Winner!

  • Race: Zerg Zerg
  • League: Diamond
  • Spawn Location: 5:00

HoldTheDoor

  • Race: Protoss Protoss
  • League: Diamond
  • Spawn Location: 11:00

VOD

Have the link to the VOD?

Description

Time

  • Played on: May 23, 2026, 12:48 p.m.
  • Length: 3:45
Show
View Real Time Build Order
Export as new Build Order

mzygmunt Zerg - Winner!

Build Orders: 3 Hatch before Pool 

Get SALT Encoding   

  12  0:11  Drone x2  
  14  0:39  Hatchery  
  14  0:40  Drone  
  14  1:05  Hatchery  
  14  1:06  Drone  
  14  1:22  Spawning Pool  
  14  1:25  Drone  
  14  1:30  Overlord  
  14  1:49  Drone  
  14  1:50  Drone  
  16  2:09  Zergling x4  
  16  2:10  Zergling x4  
  16  2:14  Zergling x2  
  16  2:15  Zergling x2  
  22  2:20  Zergling x2  
  23  2:23  Zergling x2  
  23  2:24  Zergling x2  
  23  2:25  Queen  
  27  2:33  Zergling x2  
  27  2:34  Zergling x2  
  27  2:35  Zergling x2  
  30  2:51  Zergling x2  
  30  2:52  Drone  
  30  2:54  Zergling x2, Overlord  
  32  3:15  Zergling x4  
  32  3:16  Zergling x2  
  32  3:17  Zergling x2  
  36  3:21  Zergling x2  
  36  3:22  Zergling x2  
  36  3:24  Zergling x2  
Show
View Real Time Build Order
Export as new Build Order

HoldTheDoor Protoss 

Build Orders: 1 Gate Expand 

Get SALT Encoding   

  12  0:00  Probe  
  13  0:12  Probe  
  14  0:18  Pylon  
  14  0:24  Probe  
  15  0:33  Probe  
  15  0:39  Gateway  
  15  0:41  Probe  
  16  0:48  Assimilator  
  17  0:51  Probe  
  18  1:04  Probe  
  20  1:24  Nexus  
  19  1:33  Cybernetics Core  
  19  1:38  Probe  
  20  1:49  Pylon  
  20  1:53  Probe  
  21  2:05  Probe  
  22  2:10  Stalker  
  24  2:17  Probe  
  24  2:18  Gateway  
  25  2:25  Assimilator  
  25  2:29  Probe  
  26  2:36  Probe  
  27  2:40  Adept  
  27  2:41  Probe  
  30  2:48  Probe  
  31  2:51  Assimilator  
  31  2:53  Probe  
  32  3:00  Probe  
  33  3:06  Pylon  
  31  3:14  Shield Battery  
  33  3:21  Cybernetics Core  
  33  3:22  Pylon  
  33  3:32  Gateway  
  33  3:33  Pylon  
Tags
 
Add a new tag
Caveats
  • Supply blocks, unpowered buildings, or Contaminate may cause inaccurate times.
  • Supply counts are checked every 10 seconds.